Connexion

Palm Springs Eager vs IceHogs

Created - 31 octobre 2023 at 08:05

Goals
1 2 3 T
Palm Springs Eager 0 2 2 4
IceHogs 1 1 0 2
Shots
1 2 3 T
Palm Springs Eager 7 9 8 24
IceHogs 12 12 3 27

GoalsPenalties
1st period
1. IceHogs , Danny O'Regan 16 (Brandon Hickey 14, Jean-Sébastien Dea 27) at 8:59
No Penalty
2nd period
2. IceHogs , Jean-Sébastien Dea 15 (Erik Cernak 21, Danny O'Regan 18) at 5:32
3. Palm Springs Eager , Scott Reedy 5 (Nico Sturm 17) at 5:38
4. Palm Springs Eager , Gavin Bayreuther 3 (Nikita Nesterenko 3, Alex Jefferies 1) at 10:26
Radko Gudas (SEA) for Hooking (Minor) at 0:30
Cedric Paquette (RCK) for Slashing (Minor) at 5:16
Ryan Graves (SEA) for Hooking (Minor) at 5:16
3rd period
5. Palm Springs Eager , Mike Hardman 12 (Alexander Campbell 6, Gavin Bayreuther 20) at 6:22
6. Palm Springs Eager , Mike Hardman 13 (Steven Lorentz 18, Nico Sturm 18) at 10:02 (PP)
Erik Cernak (RCK) for Interference (Minor) at 9:46
Goalie Stats
Anton Forsberg (SEA), 25 saves from 27 shots - (0,926), W, 10-6-2, 60:00 minutes
Christopher Gibson (RCK), 20 saves from 24 shots - (0,833), L, 14-7-1, 60:00 minutes
3 StarsOfficial
1 - Mike Hardman (SEA)
2 - Gavin Bayreuther (SEA)
3 - Scott Reedy (SEA)
Referees : Ghislain Hebert and Chris Ciamaga
Linesman : Jonny Murray and Andy McElman
Game Note
Radko Gudas is injured at 3:22 of 3rd period (Sprained Right Finger)
Finance
Level 1 -- Attendance: 2000 (100,00%) -- Ticket Income 70 000 $
Level 2 -- Attendance: 1000 (100,00%) -- Ticket Income 15 000 $
Total Attendance: 3000 (100,00%)
Total Ticket Income: 85 000 $
Other Income: 17 000 $
Total Income: 102 000 $



Team Name Goals Shots Shots Attemp Shots Blocked PIM HIT PP PK FO%
Palm Springs Eager 4246784181 / 1 (100%)050%
IceHogs 22756164220 / 1 (0%)150%

Palm Springs Eager
Player Name POS G A P +/- PIM HIT SHT SB MP PP MP PP SHT PK MP PK SHT FO% FOT
Alex JefferiesLW0110002016:390:0000:0000% 1
Alexander CampbellC/LW0111011015:330:0000:00046% 13
Alexander GordinC/RW0000002012:450:0000:0000% 0
Colin MillerD0000030324:140:1601:0100% 0
Dmitry OvchinnikovLW000000000:340:0000:0000% 0
Gavin BayreutherD1121011021:400:0000:5800% 0
Jimmy LodgeC/RW0000001012:480:0000:0000% 0
Lias AnderssonC0001023017:150:0000:23056% 18
Michael AndersonD0000022016:120:0000:0000% 0
Mike HardmanC/LW/RW2020012020:070:1610:1700% 0
Nico SturmC/LW0220001019:150:1601:19164% 22
Nikita NesterenkoC/LW/RW0111010020:340:0000:0000% 1
Radko GudasD0000210213:300:0000:0000% 0
Riley DuranC000000000:000:0000:0000% 0
Ryan GravesD0000211223:240:1601:0100% 0
Scott MayfieldD0001031118:450:0000:5800% 0
Scott ReedyC1011017015:570:0000:40033% 12
Steven LorentzC/LW011-1010026:480:1601:1900% 1
IceHogs
Player Name POS G A P +/- PIM HIT SHT SB MP PP MP PP SHT PK MP PK SHT FO% FOT
Alex KileLW0000000115:280:0000:000100% 1
Andrew SturtzRW000001008:380:0000:0000% 0
Brandon GignacC000000001:360:0000:0000% 0
Brandon HickeyD0110000123:530:5600:0000% 0
Brendan GaunceC/LW000001009:320:0000:0000% 9
Cameron Gaunce D000-1040220:051:0300:1600% 0
Cedric PaquetteC/LW0000243020:010:5600:0000% 1
Charles HudonLW/RW000-1030013:371:0300:0000% 0
Colton SceviourC/LW/RW000-1022121:331:0310:000100% 1
Danny O'ReganC/RW1120009121:230:5600:16050% 2
Dennis CholowskiD000-1020119:571:0300:1600% 0
Erik CernakD0110231324:020:5600:0000% 0
Jack DoughertyD0000001216:020:0000:0000% 0
Jean-Sébastien DeaC/RW1120003121:230:5600:16050% 26
Mark AltD0000002116:000:0000:0000% 0
Mikhail VorobyovC0000013015:280:0000:00071% 14
Riley SheahanC000-1013113:371:0310:00057% 14
Zack O'BrienC/RW0000000115:280:0000:0000% 0



Play-by-Play

1st period


0:01 of 1st period - Nico Sturm wins face-off versus Jean-Sébastien Dea in neutral zone.
0:14 of 1st period - Shot by Jean-Sébastien Dea.
0:14 of 1st period - Shot Misses the Net.
0:31 of 1st period - Jean-Sébastien Dea is hit by Colin Miller and loses puck.
0:52 of 1st period - Shot by Colton Sceviour.
0:52 of 1st period - Shot Blocked by Ryan Graves.
0:54 of 1st period - Shot by Charles Hudon.
0:54 of 1st period - Shot Misses the Net.
1:44 of 1st period - Zack O'Brien is hit by Colin Miller and loses puck.
1:53 of 1st period - Shot by Mikhail Vorobyov.
1:53 of 1st period - Stopped by Anton Forsberg without a rebound.
1:54 of 1st period - Lias Andersson wins face-off versus Brendan Gaunce in Palm Springs Eager zone.
2:13 of 1st period - Gavin Bayreuther is hit by Brendan Gaunce and loses puck.
2:24 of 1st period - Shot by Andrew Sturtz.
2:24 of 1st period - Shot Misses the Net.
2:48 of 1st period - Shot by Danny O'Regan.
2:48 of 1st period - Shot Misses the Net.
3:02 of 1st period - Shot by Alexander Campbell.
3:02 of 1st period - Shot Misses the Net.
3:04 of 1st period - Shot by Michael Anderson.
3:04 of 1st period - Stopped by Christopher Gibson without a rebound.
3:05 of 1st period - Mikhail Vorobyov wins face-off versus Scott Reedy in IceHogs zone.
3:15 of 1st period - Icing by Scott Mayfield.
3:16 of 1st period - Mikhail Vorobyov wins face-off versus Scott Reedy in Palm Springs Eager zone.
3:55 of 1st period - Shot by Alexander Campbell.
3:55 of 1st period - Shot Blocked by Cameron Gaunce .
4:46 of 1st period - Icing by Erik Cernak.
4:47 of 1st period - Riley Sheahan wins face-off versus Alexander Campbell in IceHogs zone.
6:04 of 1st period - Shot by Danny O'Regan.
6:04 of 1st period - Stopped by Anton Forsberg without a rebound.
6:05 of 1st period - Nico Sturm wins face-off versus Brendan Gaunce in Palm Springs Eager zone.
6:24 of 1st period - Colton Sceviour is hit by Mike Hardman.
6:32 of 1st period - Nico Sturm is hit by Andrew Sturtz and loses puck.
6:51 of 1st period - Shot by Danny O'Regan.
6:51 of 1st period - Stopped by Anton Forsberg without a rebound.
6:52 of 1st period - Alex Kile wins face-off versus Scott Reedy in Palm Springs Eager zone.
6:52 of 1st period - Alex Kile is hit by Michael Anderson.
6:56 of 1st period - Shot by Mikhail Vorobyov.
6:56 of 1st period - Shot Misses the Net.
7:04 of 1st period - Shot by Michael Anderson.
7:04 of 1st period - Stopped by Christopher Gibson without a rebound.
7:05 of 1st period - Lias Andersson wins face-off versus Jean-Sébastien Dea in IceHogs zone.
7:20 of 1st period - Shot by Danny O'Regan.
7:20 of 1st period - Shot Misses the Net.
7:22 of 1st period - Shot by Jack Dougherty.
7:22 of 1st period - Stopped by Anton Forsberg without a rebound.
7:23 of 1st period - Alexander Campbell wins face-off versus Mikhail Vorobyov in Palm Springs Eager zone.
7:39 of 1st period - Shot by Michael Anderson.
7:39 of 1st period - Shot Blocked by Zack O'Brien.
7:43 of 1st period - Shot by Steven Lorentz.
7:43 of 1st period - Shot Misses the Net.
7:45 of 1st period - Shot by Michael Anderson.
7:45 of 1st period - Shot Blocked by Alex Kile.
7:59 of 1st period - Shot by Alexander Campbell.
7:59 of 1st period - Shot Misses the Net.
8:15 of 1st period - Shot by Scott Reedy.
8:15 of 1st period - Stopped by Christopher Gibson with a rebound.
8:17 of 1st period - Shot by Jimmy Lodge.
8:17 of 1st period - Shot Blocked by Cameron Gaunce .
8:59 of 1st period - Shot by Danny O'Regan.
8:59 of 1st period - Goal by Danny O'Regan - Palm Springs Eager : 0 - IceHogs : 1.
9:00 of 1st period - Riley Sheahan wins face-off versus Nico Sturm in neutral zone.
9:09 of 1st period - Shot by Mark Alt.
9:09 of 1st period - Stopped by Anton Forsberg without a rebound.
9:10 of 1st period - Alexander Campbell wins face-off versus Brendan Gaunce in Palm Springs Eager zone.
9:21 of 1st period - Shot by Alexander Campbell.
9:21 of 1st period - Deflect By Steven Lorentz.
9:21 of 1st period - Shot Misses the Net.
9:27 of 1st period - Shot by Alexander Gordin.
9:27 of 1st period - Stopped by Christopher Gibson without a rebound.
9:28 of 1st period - Jean-Sébastien Dea wins face-off versus Lias Andersson in IceHogs zone.
10:12 of 1st period - Ryan Graves is hit by Cedric Paquette and loses puck.
10:30 of 1st period - Icing by Ryan Graves.
10:31 of 1st period - Lias Andersson wins face-off versus Brendan Gaunce in Palm Springs Eager zone.
10:58 of 1st period - Shot by Steven Lorentz.
10:58 of 1st period - Shot Blocked by Colton Sceviour.
11:16 of 1st period - Mike Hardman is hit by Dennis Cholowski.
11:32 of 1st period - Shot by Scott Mayfield.
11:32 of 1st period - Shot Misses the Net.
11:34 of 1st period - Shot by Scott Mayfield.
11:34 of 1st period - Stopped by Christopher Gibson with a rebound.
11:37 of 1st period - Alexander Campbell is hit by Cameron Gaunce and loses puck.
11:41 of 1st period - Alexander Gordin is hit by Cameron Gaunce and loses puck.
11:51 of 1st period - Off-side.
11:52 of 1st period - Alexander Campbell wins face-off versus Jean-Sébastien Dea in neutral zone.
12:06 of 1st period - Shot by Danny O'Regan.
12:06 of 1st period - Deflect By Jean-Sébastien Dea.
12:06 of 1st period - Stopped by Anton Forsberg with a rebound.
14:33 of 1st period - Shot by Danny O'Regan.
14:33 of 1st period - Stopped by Anton Forsberg without a rebound.
14:34 of 1st period - Nico Sturm wins face-off versus Danny O'Regan in Palm Springs Eager zone.
14:47 of 1st period - Shot by Danny O'Regan.
14:47 of 1st period - Stopped by Anton Forsberg with a rebound.
15:15 of 1st period - Icing by Michael Anderson.
15:16 of 1st period - Nico Sturm wins face-off versus Riley Sheahan in Palm Springs Eager zone.
16:24 of 1st period - Shot by Nikita Nesterenko.
16:24 of 1st period - Deflect By Lias Andersson.
16:24 of 1st period - Stopped by Christopher Gibson without a rebound.
16:25 of 1st period - Jean-Sébastien Dea wins face-off versus Nikita Nesterenko in IceHogs zone.
16:34 of 1st period - Shot by Danny O'Regan.
16:34 of 1st period - Stopped by Anton Forsberg with a rebound.
16:43 of 1st period - Gavin Bayreuther is hit by Cameron Gaunce and loses puck.
16:50 of 1st period - Shot by Scott Reedy.
16:50 of 1st period - Stopped by Christopher Gibson without a rebound.
16:51 of 1st period - Riley Sheahan wins face-off versus Lias Andersson in IceHogs zone.
17:16 of 1st period - Shot by Riley Sheahan.
17:16 of 1st period - Stopped by Anton Forsberg without a rebound.
17:17 of 1st period - Mikhail Vorobyov wins face-off versus Alexander Campbell in Palm Springs Eager zone.
17:19 of 1st period - Zack O'Brien is hit by Radko Gudas and loses puck.
17:30 of 1st period - Shot by Mark Alt.
17:30 of 1st period - Shot Misses the Net.
17:32 of 1st period - Shot by Mikhail Vorobyov.
17:32 of 1st period - Stopped by Anton Forsberg without a rebound.
17:33 of 1st period - Lias Andersson wins face-off versus Jean-Sébastien Dea in Palm Springs Eager zone.
17:54 of 1st period - Shot by Alex Jefferies.
17:54 of 1st period - Shot Misses the Net.
18:23 of 1st period - Icing by Gavin Bayreuther.
18:24 of 1st period - Riley Sheahan wins face-off versus Alexander Campbell in Palm Springs Eager zone.
18:58 of 1st period - Steven Lorentz is hit by Charles Hudon and loses puck.
19:19 of 1st period - Shot by Mark Alt.
19:19 of 1st period - Shot Misses the Net.
19:21 of 1st period - Shot by Mark Alt.
19:21 of 1st period - Shot Blocked by Radko Gudas.
Goals for this period are 0 for Palm Springs Eager vs 1 for IceHogs.
Shots for this period are 7 for Palm Springs Eager vs 12 for IceHogs.

2nd period


0:01 of 2nd period - Nico Sturm wins face-off versus Riley Sheahan in neutral zone.
0:07 of 2nd period - Icing by Brandon Hickey.
0:08 of 2nd period - Nico Sturm wins face-off versus Riley Sheahan in IceHogs zone.
0:13 of 2nd period - Shot by Nico Sturm.
0:13 of 2nd period - Shot Blocked by Riley Sheahan.
0:21 of 2nd period - Shot by Colton Sceviour.
0:21 of 2nd period - Shot Misses the Net.
0:23 of 2nd period - Shot by Colton Sceviour.
0:23 of 2nd period - Stopped by Anton Forsberg without a rebound.
0:24 of 2nd period - Jean-Sébastien Dea wins face-off versus Scott Reedy in Palm Springs Eager zone.
0:25 of 2nd period - Shot by Cedric Paquette.
0:25 of 2nd period - Stopped by Anton Forsberg with a rebound.
0:30 of 2nd period - Minor Penalty to Radko Gudas for Hooking.
0:31 of 2nd period - Nico Sturm wins face-off versus Jean-Sébastien Dea in Palm Springs Eager zone.
0:36 of 2nd period - Jean-Sébastien Dea is hit by Steven Lorentz and loses puck.
1:34 of 2nd period - Shot by Colton Sceviour.
1:34 of 2nd period - Stopped by Anton Forsberg with a rebound.
1:36 of 2nd period - Shot by Riley Sheahan.
1:36 of 2nd period - Stopped by Anton Forsberg without a rebound.
1:37 of 2nd period - Nico Sturm wins face-off versus Riley Sheahan in Palm Springs Eager zone.
1:46 of 2nd period - Shot by Nico Sturm.
1:46 of 2nd period - Stopped by Christopher Gibson with a rebound.
1:58 of 2nd period - Nico Sturm is hit by Charles Hudon.
2:26 of 2nd period - Erik Cernak is hit by Lias Andersson.
2:27 of 2nd period - Icing by Erik Cernak.
2:28 of 2nd period - Scott Reedy wins face-off versus Jean-Sébastien Dea in IceHogs zone.
3:21 of 2nd period - Jean-Sébastien Dea is hit by Ryan Graves and loses puck.
3:26 of 2nd period - Shot by Danny O'Regan.
3:26 of 2nd period - Shot Blocked by Colin Miller.
3:28 of 2nd period - Shot by Cedric Paquette.
3:28 of 2nd period - Shot Blocked by Colin Miller.
3:30 of 2nd period - Shot by Erik Cernak.
3:30 of 2nd period - Stopped by Anton Forsberg without a rebound.
3:31 of 2nd period - Nico Sturm wins face-off versus Brendan Gaunce in Palm Springs Eager zone.
3:31 of 2nd period - Nico Sturm is hit by Colton Sceviour.
4:29 of 2nd period - Shot by Cedric Paquette.
4:29 of 2nd period - Stopped by Anton Forsberg without a rebound.
4:30 of 2nd period - Mikhail Vorobyov wins face-off versus Scott Reedy in Palm Springs Eager zone.
4:42 of 2nd period - Mark Alt is hit by Scott Mayfield and loses puck.
4:59 of 2nd period - Shot by Scott Reedy.
4:59 of 2nd period - Stopped by Christopher Gibson without a rebound.
5:00 of 2nd period - Jean-Sébastien Dea wins face-off versus Alexander Campbell in IceHogs zone.
5:00 of 2nd period - Cedric Paquette is hit by Alexander Campbell and loses puck.
5:07 of 2nd period - Shot by Ryan Graves.
5:07 of 2nd period - Stopped by Christopher Gibson without a rebound.
5:08 of 2nd period - Jean-Sébastien Dea wins face-off versus Steven Lorentz in IceHogs zone.
5:12 of 2nd period - Brandon Hickey is hit by Colin Miller and loses puck.
5:16 of 2nd period - Minor Penalty to Cedric Paquette for Slashing.
5:16 of 2nd period - Minor Penalty to Ryan Graves for Hooking.
5:17 of 2nd period - Jean-Sébastien Dea wins face-off versus Nico Sturm in Palm Springs Eager zone.
5:32 of 2nd period - Shot by Jean-Sébastien Dea.
5:32 of 2nd period - Goal by Jean-Sébastien Dea - Palm Springs Eager : 0 - IceHogs : 2.
5:33 of 2nd period - Nico Sturm wins face-off versus Jean-Sébastien Dea in neutral zone.
5:38 of 2nd period - Shot by Scott Reedy.
5:38 of 2nd period - Goal by Scott Reedy - Palm Springs Eager : 1 - IceHogs : 2.
5:39 of 2nd period - Jean-Sébastien Dea wins face-off versus Nico Sturm in neutral zone.
5:54 of 2nd period - Shot by Jean-Sébastien Dea.
5:54 of 2nd period - Shot Misses the Net.
6:50 of 2nd period - Dennis Cholowski is hit by Michael Anderson and loses puck.
7:13 of 2nd period - Shot by Scott Reedy.
7:13 of 2nd period - Stopped by Christopher Gibson with a rebound.
7:37 of 2nd period - Shot by Lias Andersson.
7:37 of 2nd period - Shot Misses the Net.
8:11 of 2nd period - Icing by Michael Anderson.
8:12 of 2nd period - Scott Reedy wins face-off versus Cedric Paquette in Palm Springs Eager zone.
8:35 of 2nd period - Michael Anderson is hit by Cedric Paquette and loses puck.
8:49 of 2nd period - Icing by Scott Mayfield.
8:50 of 2nd period - Mikhail Vorobyov wins face-off versus Scott Reedy in Palm Springs Eager zone.
8:58 of 2nd period - Icing by Michael Anderson.
8:59 of 2nd period - Mikhail Vorobyov wins face-off versus Scott Reedy in Palm Springs Eager zone.
9:56 of 2nd period - Off-side.
9:57 of 2nd period - Jean-Sébastien Dea wins face-off versus Lias Andersson in neutral zone.
10:06 of 2nd period - Shot by Jean-Sébastien Dea.
10:06 of 2nd period - Stopped by Anton Forsberg without a rebound.
10:07 of 2nd period - Riley Sheahan wins face-off versus Lias Andersson in Palm Springs Eager zone.
10:26 of 2nd period - Shot by Gavin Bayreuther.
10:26 of 2nd period - Goal by Gavin Bayreuther - Palm Springs Eager : 2 - IceHogs : 2.
10:27 of 2nd period - Jean-Sébastien Dea wins face-off versus Nico Sturm in neutral zone.
10:45 of 2nd period - Shot by Cedric Paquette.
10:45 of 2nd period - Shot Misses the Net.
10:47 of 2nd period - Shot by Danny O'Regan.
10:47 of 2nd period - Stopped by Anton Forsberg without a rebound.
10:48 of 2nd period - Riley Sheahan wins face-off versus Lias Andersson in Palm Springs Eager zone.
11:02 of 2nd period - Icing by Lias Andersson.
11:03 of 2nd period - Lias Andersson wins face-off versus Jean-Sébastien Dea in Palm Springs Eager zone.
11:03 of 2nd period - Lias Andersson is hit by Cedric Paquette.
11:06 of 2nd period - Icing by Radko Gudas.
11:07 of 2nd period - Lias Andersson wins face-off versus Jean-Sébastien Dea in Palm Springs Eager zone.
11:09 of 2nd period - Icing by Radko Gudas.
11:10 of 2nd period - Danny O'Regan wins face-off versus Alex Jefferies in Palm Springs Eager zone.
11:31 of 2nd period - Shot by Lias Andersson.
11:31 of 2nd period - Stopped by Christopher Gibson with a rebound.
11:33 of 2nd period - Shot by Radko Gudas.
11:33 of 2nd period - Shot Misses the Net.
12:33 of 2nd period - Icing by Colin Miller.
12:34 of 2nd period - Mikhail Vorobyov wins face-off versus Nico Sturm in Palm Springs Eager zone.
13:02 of 2nd period - Icing by Mark Alt.
13:03 of 2nd period - Mikhail Vorobyov wins face-off versus Lias Andersson in IceHogs zone.
13:10 of 2nd period - Shot by Zack O'Brien.
13:10 of 2nd period - Shot Misses the Net.
13:20 of 2nd period - Shot by Mark Alt.
13:20 of 2nd period - Stopped by Anton Forsberg without a rebound.
13:21 of 2nd period - Alexander Campbell wins face-off versus Jean-Sébastien Dea in Palm Springs Eager zone.
13:23 of 2nd period - Scott Mayfield is hit by Cedric Paquette and loses puck.
13:30 of 2nd period - Shot by Danny O'Regan.
13:30 of 2nd period - Stopped by Anton Forsberg without a rebound.
13:31 of 2nd period - Nico Sturm wins face-off versus Brendan Gaunce in Palm Springs Eager zone.
14:32 of 2nd period - Shot by Scott Reedy.
14:32 of 2nd period - Stopped by Christopher Gibson with a rebound.
14:34 of 2nd period - Shot by Nikita Nesterenko.
14:34 of 2nd period - Shot Misses the Net.
15:06 of 2nd period - Shot by Alexander Campbell.
15:06 of 2nd period - Shot Misses the Net.
15:21 of 2nd period - Shot by Alexander Gordin.
15:21 of 2nd period - Stopped by Christopher Gibson without a rebound.
15:22 of 2nd period - Jean-Sébastien Dea wins face-off versus Lias Andersson in IceHogs zone.
15:33 of 2nd period - Danny O'Regan is hit by Lias Andersson and loses puck.
15:42 of 2nd period - Shot by Lias Andersson.
15:42 of 2nd period - Shot Misses the Net.
16:11 of 2nd period - Icing by Scott Mayfield.
16:12 of 2nd period - Mikhail Vorobyov wins face-off versus Alexander Campbell in Palm Springs Eager zone.
16:24 of 2nd period - Icing by Michael Anderson.
16:25 of 2nd period - Alexander Campbell wins face-off versus Mikhail Vorobyov in Palm Springs Eager zone.
16:25 of 2nd period - Alexander Campbell is hit by Mikhail Vorobyov.
16:33 of 2nd period - Shot by Alex Kile.
16:33 of 2nd period - Shot Misses the Net.
17:34 of 2nd period - Shot by Jean-Sébastien Dea.
17:34 of 2nd period - Shot Misses the Net.
17:36 of 2nd period - Shot by Cedric Paquette.
17:36 of 2nd period - Stopped by Anton Forsberg without a rebound.
17:37 of 2nd period - Riley Sheahan wins face-off versus Scott Reedy in Palm Springs Eager zone.
17:44 of 2nd period - Erik Cernak is hit by Nikita Nesterenko and loses puck.
17:52 of 2nd period - Icing by Erik Cernak.
17:53 of 2nd period - Lias Andersson wins face-off versus Riley Sheahan in IceHogs zone.
18:06 of 2nd period - Shot by Nikita Nesterenko.
18:06 of 2nd period - Shot Blocked by Erik Cernak.
18:16 of 2nd period - Shot by Lias Andersson.
18:16 of 2nd period - Shot Misses the Net.
18:23 of 2nd period - Lias Andersson is hit by Erik Cernak and loses puck.
18:37 of 2nd period - Nico Sturm is hit by Erik Cernak and loses puck.
18:57 of 2nd period - Ryan Graves is hit by Dennis Cholowski and loses puck.
19:23 of 2nd period - Icing by Cameron Gaunce .
19:24 of 2nd period - Lias Andersson wins face-off versus Jean-Sébastien Dea in IceHogs zone.
Goals for this period are 2 for Palm Springs Eager vs 1 for IceHogs.
Shots for this period are 9 for Palm Springs Eager vs 12 for IceHogs.

3rd period


0:01 of 3rd period - Colton Sceviour wins face-off versus Nico Sturm in neutral zone.
0:04 of 3rd period - Steven Lorentz is hit by Charles Hudon and loses puck.
0:11 of 3rd period - Shot by Colin Miller.
0:11 of 3rd period - Shot Blocked by Erik Cernak.
0:13 of 3rd period - Shot by Nico Sturm.
0:13 of 3rd period - Shot Misses the Net.
0:48 of 3rd period - Icing by Ryan Graves.
0:49 of 3rd period - Nico Sturm wins face-off versus Jean-Sébastien Dea in Palm Springs Eager zone.
1:29 of 3rd period - Shot by Jean-Sébastien Dea.
1:29 of 3rd period - Deflect By Danny O'Regan.
1:29 of 3rd period - Stopped by Anton Forsberg without a rebound.
1:30 of 3rd period - Lias Andersson wins face-off versus Mikhail Vorobyov in Palm Springs Eager zone.
2:36 of 3rd period - Colin Miller is hit by Erik Cernak and loses puck.
3:03 of 3rd period - Scott Reedy is hit by Colton Sceviour and loses puck.
3:22 of 3rd period - Shot by Jean-Sébastien Dea.
3:22 of 3rd period - Shot Blocked by Radko Gudas.
3:22 of 3rd period - Radko Gudas from Palm Springs Eager is injured at 3:22 of 3rd period (Sprained Right Finger).
3:23 of 3rd period - Jean-Sébastien Dea wins face-off versus Lias Andersson in Palm Springs Eager zone.
3:23 of 3rd period - Jean-Sébastien Dea is hit by Scott Mayfield.
3:52 of 3rd period - Shot by Lias Andersson.
3:52 of 3rd period - Stopped by Christopher Gibson without a rebound.
3:53 of 3rd period - Mikhail Vorobyov wins face-off versus Nico Sturm in IceHogs zone.
3:58 of 3rd period - Shot by Zack O'Brien.
3:58 of 3rd period - Shot Misses the Net.
4:12 of 3rd period - Shot by Nico Sturm.
4:12 of 3rd period - Shot Blocked by Jack Dougherty.
4:26 of 3rd period - Shot by Mike Hardman.
4:26 of 3rd period - Shot Misses the Net.
4:32 of 3rd period - Shot by Steven Lorentz.
4:32 of 3rd period - Shot Misses the Net.
4:50 of 3rd period - Shot by Scott Reedy.
4:50 of 3rd period - Shot Misses the Net.
4:52 of 3rd period - Shot by Jimmy Lodge.
4:52 of 3rd period - Stopped by Christopher Gibson without a rebound.
4:53 of 3rd period - Jean-Sébastien Dea wins face-off versus Alexander Campbell in IceHogs zone.
5:34 of 3rd period - Shot by Scott Reedy.
5:34 of 3rd period - Shot Blocked by Brandon Hickey.
5:48 of 3rd period - Shot by Colin Miller.
5:48 of 3rd period - Shot Misses the Net.
5:50 of 3rd period - Shot by Scott Reedy.
5:50 of 3rd period - Stopped by Christopher Gibson with a rebound.
6:03 of 3rd period - Icing by Erik Cernak.
6:04 of 3rd period - Jean-Sébastien Dea wins face-off versus Nico Sturm in IceHogs zone.
6:13 of 3rd period - Brandon Hickey is hit by Scott Mayfield and loses puck.
6:20 of 3rd period - Shot by Alexander Campbell.
6:20 of 3rd period - Shot Blocked by Erik Cernak.
6:22 of 3rd period - Shot by Mike Hardman.
6:22 of 3rd period - Goal by Mike Hardman - Palm Springs Eager : 3 - IceHogs : 2.
6:23 of 3rd period - Nico Sturm wins face-off versus Brendan Gaunce in neutral zone.
6:26 of 3rd period - Shot by Mike Hardman.
6:26 of 3rd period - Shot Misses the Net.
6:28 of 3rd period - Shot by Michael Anderson.
6:28 of 3rd period - Shot Misses the Net.
6:43 of 3rd period - Shot by Mike Hardman.
6:43 of 3rd period - Shot Hit the Post.
6:45 of 3rd period - Shot by Nico Sturm.
6:45 of 3rd period - Shot Misses the Net.
6:47 of 3rd period - Shot by Steven Lorentz.
6:47 of 3rd period - Deflect By Mike Hardman.
6:47 of 3rd period - Shot Blocked by Dennis Cholowski.
6:49 of 3rd period - Shot by Mike Hardman.
6:49 of 3rd period - Shot Misses the Net.
7:43 of 3rd period - Shot by Alexander Campbell.
7:43 of 3rd period - Stopped by Christopher Gibson without a rebound.
7:44 of 3rd period - Alexander Campbell wins face-off versus Mikhail Vorobyov in IceHogs zone.
8:22 of 3rd period - Mikhail Vorobyov is hit by Scott Reedy and loses puck.
8:29 of 3rd period - Shot by Scott Reedy.
8:29 of 3rd period - Shot Misses the Net.
8:31 of 3rd period - Shot by Ryan Graves.
8:31 of 3rd period - Shot Blocked by Jack Dougherty.
8:33 of 3rd period - Shot by Mike Hardman.
8:33 of 3rd period - Shot Misses the Net.
8:39 of 3rd period - Shot by Mike Hardman.
8:39 of 3rd period - Shot Blocked by Mark Alt.
9:19 of 3rd period - Shot by Gavin Bayreuther.
9:19 of 3rd period - Deflect By Lias Andersson.
9:19 of 3rd period - Shot Blocked by Jean-Sébastien Dea.
9:21 of 3rd period - Shot by Alex Jefferies.
9:21 of 3rd period - Stopped by Christopher Gibson with a rebound.
9:23 of 3rd period - Shot by Alex Jefferies.
9:23 of 3rd period - Stopped by Christopher Gibson with a rebound.
9:46 of 3rd period - Minor Penalty to Erik Cernak for Interference.
9:47 of 3rd period - Nico Sturm wins face-off versus Jean-Sébastien Dea in IceHogs zone.
9:54 of 3rd period - Shot by Nico Sturm.
9:54 of 3rd period - Shot Blocked by Danny O'Regan.
9:56 of 3rd period - Shot by Mike Hardman.
9:56 of 3rd period - Deflect By Steven Lorentz.
9:56 of 3rd period - Shot Misses the Net.
10:02 of 3rd period - Shot by Mike Hardman.
10:02 of 3rd period - Goal by Mike Hardman - Palm Springs Eager : 4 - IceHogs : 2.
10:03 of 3rd period - Riley Sheahan wins face-off versus Alexander Campbell in neutral zone.
10:10 of 3rd period - Shot by Charles Hudon.
10:10 of 3rd period - Shot Blocked by Scott Mayfield.
10:12 of 3rd period - Shot by Colton Sceviour.
10:12 of 3rd period - Shot Misses the Net.
10:24 of 3rd period - Shot by Riley Sheahan.
10:24 of 3rd period - Stopped by Anton Forsberg without a rebound.
10:25 of 3rd period - Scott Reedy wins face-off versus Brendan Gaunce in Palm Springs Eager zone.
10:29 of 3rd period - Michael Anderson is hit by Cameron Gaunce and loses puck.
11:32 of 3rd period - Shot by Danny O'Regan.
11:32 of 3rd period - Shot Misses the Net.
11:37 of 3rd period - Jean-Sébastien Dea is hit by Gavin Bayreuther and loses puck.
12:02 of 3rd period - Shot by Steven Lorentz.
12:02 of 3rd period - Deflect By Nico Sturm.
12:02 of 3rd period - Shot Misses the Net.
17:21 of 3rd period - Icing by Gavin Bayreuther.
17:22 of 3rd period - Scott Reedy wins face-off versus Brendan Gaunce in Palm Springs Eager zone.
18:39 of 3rd period - Shot by Danny O'Regan.
18:39 of 3rd period - Shot Misses the Net.
19:13 of 3rd period - Shot by Alex Jefferies.
19:13 of 3rd period - Shot Misses the Net.
19:23 of 3rd period - Shot by Mikhail Vorobyov.
19:23 of 3rd period - Shot Misses the Net.
19:25 of 3rd period - Shot by Mikhail Vorobyov.
19:25 of 3rd period - Shot Misses the Net.
19:27 of 3rd period - Shot by Mark Alt.
19:27 of 3rd period - Shot Misses the Net.
19:29 of 3rd period - Shot by Mark Alt.
19:29 of 3rd period - Shot Blocked by Ryan Graves.
19:31 of 3rd period - Shot by Mark Alt.
19:31 of 3rd period - Shot Blocked by Colin Miller.
19:33 of 3rd period - Shot by Mikhail Vorobyov.
19:33 of 3rd period - Stopped by Anton Forsberg without a rebound.
19:34 of 3rd period - Lias Andersson wins face-off versus Riley Sheahan in Palm Springs Eager zone.
19:43 of 3rd period - Lias Andersson is hit by Riley Sheahan and loses puck.
Goals for this period are 2 for Palm Springs Eager vs 0 for IceHogs.
Shots for this period are 8 for Palm Springs Eager vs 3 for IceHogs.